 Dungeon Crawl Stone Soup version 0.27-a0-1442-g87b6fcb595 (webtiles) character file.

Game seed: 7626918125189846680

119 Sin92 the Skirmisher (level 4, -10/36 HPs)
             Began as a Demonspawn Fighter on July 4, 2021.
             Was an Initiate of Okawaru.
             Mangled by Edmund (13 damage)
             ... on level 4 of the Dungeon.
             The game lasted 00:03:14 (2987 turns).

Sin92 the Skirmisher (Demonspawn Fighter)           Turns: 2987, Time: 00:03:15

Health: -10/36     AC:  8    Str: 16    XL:     4   Next: 73%
Magic:  0/4        EV:  7    Int: 11    God:    Okawaru [......]
Gold:   100        SH:  9    Dex: 14    Spells: 3/3 levels left

rFire    + . .     SeeInvis .   a - +0 long sword
rCold    . . .     Faith    .   c - +0 kite shield
rNeg     . . .     Spirit   +   b - +0 scale mail
rPois    .         Reflect  .   (no helmet)
rElec    .         Harm     .   n - +0 cloak
rCorr    .         Rampage  .   (no gloves)
Will     .....                  (no boots)
Stlth    ..........             i - amulet of guardian spirit
HPRegen  0.12/turn              l - ring of protection from fire
MPRegen  0.09/turn              (no ring)

@: mighty
A: spiny 1, big brain 1, demonic magic 1
a: Renounce Religion


You were on level 4 of the Dungeon.
You worshipped Okawaru.
Okawaru was noncommittal.
You visited 1 branch of the dungeon, and saw 4 of its levels.

You collected 100 gold pieces.

Inventory:

Hand Weapons
 a - a +0 long sword (weapon)
Armour
 b - a +0 scale mail (worn)
 c - a +0 kite shield (worn)
 n - a +0 cloak (worn)
Jewellery
 i - an amulet of guardian spirit (around neck)
 l - a ring of protection from fire (left hand)
Wands
 k - a wand of iceblast (5)
Scrolls
 e - a scroll of magic mapping
 h - a scroll of blinking
Potions
 d - 3 potions of might
 j - 2 potions of attraction


   Skills:
 + Level 3.6 Fighting
 + Level 2.5 Long Blades
 + Level 3.3 Armour
 + Level 1.5 Dodging
 + Level 3.2 Shields


You had 3 spell levels left.
You didn't know any spells.
Your spell library was empty.

Dungeon Overview and Level Annotations

Branches:
Dungeon (4/15)
 Temple: D:4-7

Altars:
Elyvilon
Makhleb
Okawaru
Ru
Uskayaw
Vehumet
Wu Jian

Annotations:
D:4 Edmund


Innate Abilities, Weirdness & Mutations

You are partially covered in sharp spines.
You have an unusually large brain. (Int +2)
Spells you cast may paralyse adjacent enemies.


Message History

You hit Edmund.
Edmund is lightly wounded.
Edmund hits you with a +3 flail of protection.
Edmund is nearby!
Unknown command.
You barely miss Edmund.
Edmund is lightly wounded.
Edmund closely misses you. You block Edmund's attack.
Edmund is nearby!
You feel very mighty all of a sudden.
Edmund hits you with a +3 flail of protection.
It was a potion of curing.
You feel better. You block Edmund's attack. What are your orders? t - Shout!
Orders for allies: a - Attack new target. r - Retreat! s - Stop attacking. g - Guard the area. f - Follow me.
Anything else - Cancel.
Retreat in which direction?
Press: ? - help, Dir - move target, f - you
Okay, then.
You closely miss Edmund.
Edmund is lightly wounded.
Edmund is struck by your spines.
Edmund hits you with a +3 flail of protection!
You closely miss Edmund.
Edmund is moderately wounded.
Edmund is struck by your spines.
Edmund hits you with a +3 flail of protection!
* * * LOW HITPOINT WARNING * * *
You barely miss Edmund.
Edmund is moderately wounded.
Edmund hits you with a +3 flail of protection.
* * * LOW HITPOINT WARNING * * *
Edmund hits you with a +3 flail of protection.
* * * LOW HITPOINT WARNING * * *
You slash Edmund!
Edmund is heavily wounded.
Edmund hits you with a +3 flail of protection!
You die...

############
#.>........#
#..........#
#..........#
#..........#
#....@@....#
#..........#
#..........#
#..........#
#..........#
#..........#
#..........#
#..........#
#..........


You could see Edmund.

Vanquished Creatures
  6 adders
  7 orcs
  6 bats
  4 endoplasms
  3 giant cockroaches
  8 goblins
  2 hobgoblins
  2 jackals (D:3)
  3 quokkas
  3 ball pythons
  A frilled lizard (D:3)
  5 kobolds
  6 rats
56 creatures vanquished.

Notes
Turn   | Place    | Note
-------+----------+-------------------------------------------
     0 | D:1      | Sin92 the Demonspawn Fighter began the quest for the Orb.
     0 | D:1      | Reached XP level 1. HP: 18/18 MP: 1/1
   257 | D:1      | Gained mutation: Spells you cast may paralyse adjacent
                  | enemies. [demonic ancestry]
   257 | D:1      | Reached XP level 2. HP: 24/24 MP: 2/2
   498 | D:1      | Found a faded altar of an unknown god.
  1171 | D:2      | Gained mutation: You are partially covered in sharp spines.
                  | [demonic ancestry]
  1171 | D:2      | Reached XP level 3. HP: 23/29 MP: 1/3
  1399 | D:2      | Reached skill level 1 in Dodging
  1843 | D:3      | Gained mutation: You have an unusually large brain. (Int
                  | +2) [demonic ancestry]
  1843 | D:3      | Reached XP level 4. HP: 30/35 MP: 4/4
  1991 | D:3      | Found a burning altar of Makhleb.
  2595 | D:3      | Found a radiant altar of Vehumet.
  2596 | D:3      | Found an ornate altar of the Wu Jian Council.
  2596 | D:3      | Found an iron altar of Okawaru.
  2597 | D:3      | Found a hide-covered altar of Uskayaw.
  2597 | D:3      | Found a sacrificial altar of Ru.
  2693 | D:3      | Became a worshipper of Warmaster Okawaru
  2970 | D:4      | Noticed Edmund
  2987 | D:4      | Mangled by Edmund

Illustrated notes

Levels and vault maps discovered:
D:1:      scummos_arrival_forest, layout_rooms, chequers_ecumenical_altar_island
D:2:      layout_basic
D:3:      layout_loops_ring, nicolae_elyvilon_peaceful_grove,
          grunt_temple_overflow_open, lemuel_coloured_pillars_altar,
          st_stairs_1, grunt_decor_clamped, skrybe_limestone_x
D:4:      layout_gridville, lemuel_round_altar, minmay_misc_feat_iff,
          uniq_natasha, uniq_edmund

Skill      XL: |  1  2  3 |
---------------+----------+-----
Long Blades    | 2 |  2.5
Shields        | 3 |  3.2
Armour         | 3 |  3.3
Dodging        | 1 |  1.5
Fighting       | |  3.6

Action                   |  1- 3 |  4- 6 || total
-------------------------+-------+-------++-------
Melee: Long sword        |   101 |    53 ||   154
  Use: Potion            |     3 |     2 ||     5
       Scroll            |     2 |     4 ||     6
Armor: Scale mail        |    47 |    18 ||    65
Dodge: Dodged            |    36 |    12 ||    48
Block: Kite shield       |    59 |    28 ||    87
       Rpst.: Long sword |     8 |     3 ||    11

Table legend: (Time is in decaauts)
 A = Elapsed time spent in this place.
 B = Non-inter-level travel time spent in this place.
 C = Inter-level travel time spent in this place.
 D = Time resting spent in this place.
 E = Time spent auto-exploring this place.
 F = Levels seen in this place.
 G = Mean time per level.
                   A        B        C        D        E       F      G
               +--------+--------+--------+--------+--------+-----+--------+
         Total |   3070 |   2945 |    125 |      0 |   2528 |   4 |  767.5 |
       Dungeon |   3070 |   2945 |    125 |      0 |   2528 |   4 |  767.5 |
               +--------+--------+--------+--------+--------+-----+--------+

Top non-repeatable levels by time:
     D:2: 1186 daAuts
     D:3: 1069 daAuts
     D:1: 695 daAuts
     D:4: 118 daAuts
